 Dungeon Crawl Stone Soup version 0.25-a0-523-g9afb2ee040 (webtiles) character file.

Game seed: 16120168572283819974, levelgen mode: classic

11258 EnegeticOcto the Cleaver (level 11, -11/104 HPs)
             Began as a Deep Dwarf Fighter on Feb 18, 2020.
             Was an Elder of Makhleb.
             Mangled by an orc warlord
             ... wielding a +0 vampiric war axe
              (23 damage)
             ... on level 2 of the Orcish Mines.
             The game lasted 00:05:56 (7297 turns).

EnegeticOcto the Cleaver (Deep Dwarf Fighter)       Turns: 7297, Time: 00:05:56

Health: -11/104    AC: 14    Str: 22      XL:     11   Next: 47%
Magic:  0/0        EV:  6    Int:  9 (10) God:    Makhleb [****..]
Gold:   834        SH: 18    Dex: 12      Spells: 10/10 levels left

rFire    . . .     SeeInvis .   a - +1 war axe
rCold    . . .     Gourm    .   h - +1 tower shield
rNeg     . . .     Faith    .   x - +0 plate armour {rPois}
rPois    +         Spirit   .   (no helmet)
rElec    .         Reflect  .   o - +0 cloak
rCorr    +         Harm     .   (no gloves)
MR       +....                  (no boots)
Stlth    ..........             (no amulet)
HPRegen  0.00/turn              s - ring of resist corrosion
MPRegen  0.07/turn              (no ring)

@: non-regenerating
A: damage resistance, heal wounds, sense surroundings 2, no regeneration
a: Heal Wounds, Minor Destruction, Lesser Servant of Makhleb, Major Destruction,
Renounce Religion


You were on level 2 of the Orcish Mines.
You worshipped Makhleb.
Makhleb was greatly pleased with you.
You were not hungry.

You visited 2 branches of the dungeon, and saw 12 of its levels.

You collected 931 gold pieces.
You spent 97 gold pieces at shops.

Inventory:

Hand Weapons
 a - a +1 war axe (weapon)
Missiles
 j - 4 throwing nets (quivered)
Armour
 h - a +1 tower shield (worn)
 o - a +0 cloak (worn)
 x - a +0 plate armour of poison resistance (worn)
Jewellery
 s - a ring of resist corrosion (left hand)
Wands
 b - a wand of flame (28)
 c - a wand of disintegration (24)
 t - a wand of digging (6) {@V2}
Scrolls
 d - 5 scrolls of teleportation {@r2}
 f - 6 scrolls of identify {@r1}
 n - a scroll of enchant weapon
 q - 7 scrolls of remove curse {@r6}
 u - 2 scrolls of enchant armour
 v - a scroll of magic mapping {@r5}
Potions
 g - 3 potions of flight
 i - 2 potions of curing {unknown}
 k - a potion of might {@q3}
 l - a potion of heal wounds {@q2}
 m - 2 potions of resistance {@q6}
 r - 2 potions of degeneration {unknown}
Comestibles
 e - 19 rations
 w - 16 chunks of flesh


   Skills:
 * Level 8.7 Fighting
 * Level 9.8 Axes
 + Level 7.6 Armour
 + Level 6.8 Dodging
 * Level 9.8 Shields
 + Level 7.3 Invocations


You had 10 spell levels left.
You didn't know any spells.
Your spell library contained the following spells:

 Spells                   Type           Power        Failure   Level  Hunger
 Sandblast                Erth           #.....       100%        1    ##.....
 Passwall                 Tmut/Erth      #.......     100%        2    ###....
 Stone Arrow              Conj/Erth      #.....       100%        3    ####...
 Petrify                  Tmut/Erth      #.......     100%        4    #####..
 Lee's Rapid Deconstruct  Erth           #.........   100%        5    ######.


Dungeon Overview and Level Annotations

Branches:
Dungeon (10/15)            Temple (0/1) D:7            Lair (0/6) D:10
    Orc (2/2) D:10
    Elf: Orc:2

Altars:
Ashenzari
Elyvilon
Fedhas
Gozag
Kikubaaqudgha
Makhleb
Nemelex Xobeh
Okawaru
Qazlal
Ru
Vehumet
Wu Jian
Xom
Yredelemnul
Beogh

Shops:
D:8 }   D:9 ?   D:10 =   Orc:2 (


Innate Abilities, Weirdness & Mutations

You are resistant to damage.
You can heal yourself by infusing magical energy.
You passively map the area around you.
You do not regenerate.


Message History

You feel much better.
Your ynoxinul gestures.
The soul eater draws from the surrounding life force!
The orc priest calls upon Beogh to heal the orc sorcerer.
The orc sorcerer is healed somewhat.
You block the orc warlord's attack.
You closely miss the orc warlord.
The orc warlord is lightly wounded.
You barely miss the sixfirhy.
The orc priest no longer looks unusually strong.
The orc no longer looks unusually strong.
You block the orc warrior's attack.
Your ynoxinul gestures.
Your ufetubus misses the sixfirhy. x2; The orc closely misses your ufetubus.
The orc priest begins to cast a cantrip, but forgets the words!
Your ynoxinul completely misses the sixfirhy.
The orc warlord roars a battlecry!
The orcs go into a battle-frenzy!
You slash the orc warlord!
The orc warlord is lightly wounded.
You closely miss the sixfirhy.
Your ufetubus disappears in a puff of smoke! x2
The orc warrior no longer looks unusually strong.
You block the sixfirhy's attack. The sixfirhy barely misses you.
You block the sixfirhy's attack.
Your ufetubus barely misses the sixfirhy.
Your ufetubus closely misses the sixfirhy.
Your ufetubus barely misses the sixfirhy.
Your ufetubus closely misses the sixfirhy.
The orc warrior hits you but does no damage.
You block the sixfirhy's attack.
Your ufetubus misses the sixfirhy.
Your ufetubus closely misses the sixfirhy.
The orc hits your ufetubus with a +0 club.
Your ufetubus misses the sixfirhy.
Your ufetubus hits the sixfirhy but does no damage.
Your ynoxinul completely misses the sixfirhy.
The orc warlord roars a battlecry!
The orc warrior goes into a battle-frenzy!
The sixfirhy completely misses you.
You hit the orc warlord.
The orc warlord is moderately wounded.
You miss the sixfirhy.
The orc sorcerer no longer looks unusually strong.
The orc sorcerer dies!
Makhleb accepts your kill.
The sixfirhy disappears in a puff of smoke!
The soul eater disappears in a puff of smoke!
Your ufetubus hits the orc.
Your ufetubus completely misses the orc. x2
Your ufetubus barely misses the orc.
The orc warrior hits you from afar with a +0 halberd!
The orc barely misses your ufetubus.
Your ufetubus closely misses the orc.
Your ufetubus barely misses the orc.
The orc warlord closely misses you.
Your ufetubus closely misses the orc. x2
You slash the orc warlord!
The orc warlord is moderately wounded.
Your ufetubus barely misses the orc.
Your ufetubus closely misses the orc.
You block the orc warrior's attack.
Your ufetubus barely misses the orc.
Your ufetubus hits the orc. The orc closely misses your ufetubus.
The orc warlord hits you with a +0 vampiric war axe!!
Your ufetubus barely misses the orc.
Your ufetubus hits the orc.
The orc dies!
Makhleb accepts your kill.
You are too injured to fight recklessly!
You are too injured to fight recklessly!
You are too injured to fight recklessly!
You are too injured to fight recklessly!
You are too injured to fight recklessly!
You are too injured to fight recklessly!
You closely miss the orc warlord.
The orc warlord is moderately wounded.
You block the orc warrior's attack.
The orc closely misses something.
The orc warlord hits you with a +0 vampiric war axe!
* * * LOW HITPOINT WARNING * * *
The orc warlord draws strength from your wounds!
The orc warlord closely misses something.
Your plate armour prevents you from hitting the orc warlord.
The orc warlord is lightly wounded.
The orc priest calls upon Beogh to heal the orc warlord.
The orc warlord is healed somewhat.
The orc warrior hits you from afar with a +0 halberd!
* * * LOW HITPOINT WARNING * * *
The orc hits something with a +0 dagger.
You block the orc warlord's attack.
The orc warlord hits something with a +0 vampiric war axe.
You hit the orc warlord but do no damage.
The orc warlord is lightly wounded.
You block the orc warrior's attack.
The orc hits something with a +0 dagger.
The orc priest casts a cantrip, but nothing happens.
You barely miss the orc warlord.
The orc warlord is lightly wounded.
You block the orc warlord's attack.
The orc warlord barely misses something.
The orc barely misses something.
The orc warrior hits you from afar with a +0 halberd!
* * * LOW HITPOINT WARNING * * *
Your shield and plate armour prevent you from hitting the orc warlord.
The orc warlord is lightly wounded.
The orc warlord hits you with a +0 vampiric war axe!!
You die...

,, , * , , , ,, , .....,
#..,. ... , , ,,
.......*..... .... ,, ..
......###.#.##...., ...
#.........#.... ,, ....*
*##......)#.... .. * *
....##*#.......5.oo#..#.
*
......##.......5#oo....#
, ......#......)53@# , *
* #.....)[)..$$$#55## ,
,* *
,#....)<...$∩$...5#* ,*
*#...<[[..#$$$...## *
##......#####.### * *
#.......# ### *
#..<...).# , ≈ ≈ ≈
...........*** *
...........#*, ≈ *


You could see an orc warlord, an orc warrior, an orc priest, an orc, a friendly
ynoxinul and 6 friendly ufetubi.

Vanquished Creatures
  Erica (D:10)
  A centaur warrior (D:8)
  2 two-headed ogres
  An orc high priest (Orc:1)
  Pikel (D:7)
  An orc knight (Orc:1)
  A kobold demonologist (D:8)
  A hippogriff (D:10)
  A yak (D:10)
  Menkaure (D:7)
  18 orc warriors
  Duvessa (D:7)
  A phantom (D:4)
  A slave (D:7)
  A black bear (D:10)
  2 sky beasts
  10 ogres
  A centaur (D:8)
  A crocodile (D:10)
  7 big kobolds
  A gnoll sergeant (D:9)
  4 bullfrogs
  Dowan (D:7)
  A wyvern skeleton (D:10)
  2 scorpions (D:6)
  4 killer bees (D:7)
  A vampire bat (Orc:1)
  A howler monkey (D:10)
  5 crimson imps
  A jelly (D:9)
  A bullfrog skeleton (D:7)
  A hound (D:6)
  7 orc priests
  3 iguanas
  13 orc wizards
  11 worker ants
  5 gnolls (D:9)
  10 adders
  3 shadow imps
  3 oozes
  3 adder skeletons
  A dart slug (D:5)
  4 leopard geckos
  54 orcs
  4 giant cockroaches
  2 goblins (D:3)
  A hobgoblin (D:3)
  3 jackals (D:6)
  2 quokkas (D:3)
  A ball python (D:3)
  7 bats
  2 frilled lizards
  35 kobolds
  9 kobold skeletons (D:8)
  9 kobold zombies (D:8)
  A rat (D:2)
  A spectral orc (D:3)
271 creatures vanquished.

Vanquished Creatures (collateral kills)
  2 orc knights (Orc:1)
  An orc sorcerer (Orc:2)
  An orc warrior (Orc:2)
  2 orc wizards
  4 orcs (Orc:2)
10 creatures vanquished.

Vanquished Creatures (others)
  3 slaves (D:7)
  A killer bee (D:7)
  An orc wizard (D:7)
5 creatures vanquished.

Grand Total: 286 creatures vanquished

Notes
Turn   | Place    | Note
-------+----------+-------------------------------------------
     0 | D:1      | EnegeticOcto the Deep Dwarf Fighter began the quest for the
                  | Orb.
     0 | D:1      | Reached XP level 1. HP: 20/20 MP: 1/1
   180 | D:2      | Reached XP level 2. HP: 21/27 MP: 2/2
   247 | D:3      | Reached XP level 3. HP: 25/34 MP: 3/3
   258 | D:3      | Reached skill level 1 in Dodging
   375 | D:3      | Reached XP level 4. HP: 28/42 MP: 4/4
   864 | D:3      | Found a basalt altar of Yredelemnul.
   940 | D:4      | Reached XP level 5. HP: 34/49 MP: 4/4
  1081 | D:4      | Noticed a phantom
  1113 | D:4      | Killed a phantom
  1113 | D:4      | Reached XP level 6. HP: 57/57 MP: 5/5
  1151 | D:4      | Found a stormy altar of Qazlal.
  1198 | D:4      | Found a burning altar of Makhleb.
  1198 | D:4      | Noticed a cacodemon
  1201 | D:4      | Noticed an orange demon
  1201 | D:4      | Noticed an orange demon
  1203 | D:4      | Became a worshipper of Makhleb the Destroyer
  1410 | D:5      | Entered Level 5 of the Dungeon
  1754 | D:5      | Reached skill level 1 in Invocations
  2254 | D:5      | Reached XP level 7. HP: 48/66 MP: 5/7
  2324 | D:6      | Found an opulent altar of Gozag.
  2436 | D:6      | Found a shimmering altar of Xom.
  2563 | D:6      | Reached skill level 5 in Axes
  2829 | D:6      | Reached skill level 5 in Shields
  3017 | D:7      | Noticed Pikel
  3048 | D:7      | Killed Pikel
  3048 | D:7      | Reached skill level 5 in Fighting
  3048 | D:7      | Reached skill level 5 in Armour
  3048 | D:7      | Reached XP level 8. HP: 38/74 MP: 6/8
  3117 | D:7      | Found a white marble altar of Elyvilon.
  3156 | D:7      | Found a staircase to the Ecumenical Temple.
  3212 | D:7      | Noticed Dowan
  3214 | D:7      | Noticed Duvessa
  3232 | D:7      | Killed Duvessa
  3240 | D:7      | Killed Dowan
  3595 | D:7      | Reached * piety under Makhleb
  3595 | D:7      | Gained mutation: You passively map the area around you.
                  | [Deep Dwarf growth]
  3595 | D:7      | Reached XP level 9. HP: 56/82 MP: 10/10
  3796 | D:7      | Noticed Menkaure
  3798 | D:7      | Killed Menkaure
  3984 | D:8      | Found Foxeheck's Gadget Emporium.
  4211 | D:8      | Noticed a centaur warrior
  4237 | D:8      | Killed a centaur warrior
  4237 | D:8      | Reached skill level 5 in Invocations
  4336 | D:8      | Reached skill level 5 in Dodging
  4374 | D:8      | Found an ancient bone altar of Kikubaaqudgha.
  4374 | D:8      | Noticed a kobold demonologist
  4376 | D:8      | Noticed a hellwing
  4386 | D:8      | Noticed an orange demon
  4390 | D:8      | Reached ** piety under Makhleb
  4407 | D:8      | Killed a kobold demonologist
  4725 | D:9      | Reached XP level 10. HP: 85/94 MP: 9/9
  4835 | D:9      | Found a sacrificial altar of Ru.
  5040 | D:9      | Found Kyudghib's Magic Scroll Boutique.
  5043 | D:9      | Bought a scroll of enchant armour for 97 gold pieces
  5119 | D:9      | Reached *** piety under Makhleb
  5199 | D:9      | Found a shattered altar of Ashenzari.
  5203 | D:9      | Found an iron altar of Okawaru.
  5203 | D:9      | Found a sparkling altar of Nemelex Xobeh.
  5214 | D:9      | Found an ornate altar of the Wu Jian Council.
  5218 | D:9      | Found a blossoming altar of Fedhas.
  5244 | D:9      | Found a radiant altar of Vehumet.
  5359 | D:10     | Entered Level 10 of the Dungeon
  5472 | D:10     | Found Zolih's Jewellery Emporium.
  5478 | D:10     | Noticed a two-headed ogre
  5489 | D:10     | Killed a two-headed ogre
  5666 | D:10     | Noticed Erica
  5701 | D:10     | Killed Erica
  5814 | D:10     | Found a staircase to the Lair.
  5854 | D:10     | Found a staircase to the Orcish Mines.
  6159 | D:10     | Found a roughly hewn altar of Beogh.
  6177 | D:10     | Reached **** piety under Makhleb
  6351 | Orc:1    | Entered Level 1 of the Orcish Mines
  6694 | Orc:1    | Noticed a two-headed ogre
  6711 | Orc:1    | Killed a two-headed ogre
  6711 | Orc:1    | Reached XP level 11. HP: 79/103 MP: 8/10
  6818 | Orc:1    | Noticed an orc knight
  6818 | Orc:1    | Noticed an orc knight
  6965 | Orc:1    | Killed an orc knight
  6984 | Orc:1    | Killed an orc knight
  7097 | Orc:2    | Entered Level 2 of the Orcish Mines
  7097 | Orc:2    | Found Naralau's Antique Weapon Shop.
  7097 | Orc:2    | Noticed an orc high priest
  7109 | Orc:2    | Noticed an orc knight
  7125 | Orc:1    | Noticed a soul eater
  7129 | Orc:1    | Noticed a soul eater
  7146 | Orc:1    | Killed an orc high priest
  7195 | Orc:1    | Killed an orc knight
  7251 | Orc:2    | Noticed an orc sorcerer
  7254 | Orc:2    | Noticed an orc warlord
  7277 | Orc:2    | Noticed a soul eater
  7286 | Orc:2    | Noticed a sixfirhy
  7291 | Orc:2    | Killed an orc sorcerer
  7297 | Orc:2    | Mangled by an orc warlord

Levels and vault maps discovered:
D:1:      dpeg_arrival_pits, layout_rooms
D:2:      layout_loops_corners, dancing_weapons_uskayaw, first_ration
D:3:      layout_basic, yredelemnul_forgotten_temple_becter,
          gammafunk_temple_overflow_pools
D:4:      layout_rooms, grunt_qazlal_clouds, makhleb_altar_promises_db
D:5:      layout_gridville
D:6:      layout_basic, overflow_temple_1_default, overflow_temple_1_default
D:7:      layout_loops_ring, elyvilon_altar_3, minmay_temple_entry_mist,
          grunt_ogre_cave, uniq_duvessa, uniq_pikel, uniq_menkaure
D:8:      wander_kiku_kobolds, layout_loops_ring, serial_shops, shop
D:9:      layout_long_grid, marbit_many_paths, nicolae_ru_the_path_less_chosen,
          minmay_overflow_temple_star_hex, serial_shops, kennysheep_mini
D:10:     layout_cave_pods, lair_entry_dummy, minmay_orc_entry_temple_small,
          serial_shops, nicolae_shop_temple_entry_statues_fountains,
          st_stairs_6, minmay_misc_feat_ornament, palyth_stone_intersect,
          uniq_erica
Orc:1:    cheibrodos_orc_arena, layout_diamond_mine, roderic_batcave,
          nicolae_orc_rich_vein
Orc:2:    kennysheep_orc_mage_school, layout_diamond_mine, serial_shops,
          shop_coins, lemuel_statue_altar, uniq_sonja

Skill      XL: |  1  2  3  4  5  6  7  8  9 10 11 |
---------------+----------------------------------+-----
Fighting       | 3 4 5 7 8 |  8.7
Axes           | 3 4 5 6 7 9 |  9.8
Dodging        | 1 2 3 4 5 6 |  6.8
Armour         | 4 5 6 7 |  7.6
Shields        | 4 5 6 7 9 |  9.8
Invocations    | 1 3 4 5 6 7 |  7.3

Action                   |  1- 3 |  4- 6 |  7- 9 | 10-12 || total
-------------------------+-------+-------+-------+-------++-------
Melee: War axe           |    63 |   244 |   418 |   506 ||  1231
Invok: Lesser Servant of |       |       |       |     9 ||     9
 Abil: Heal Wounds       |     1 |     5 |    14 |    42 ||    62
  Use: Scroll            |       |     6 |     5 |       ||    11
  Eat: Chunk             |       |     5 |     6 |     9 ||    20
       Ration            |       |       |     1 |       ||     1
Armor: Scale mail        |    28 |    41 |       |       ||    69
       Plate armour      |       |    99 |   249 |   221 ||   569
Dodge: Dodged            |    16 |    63 |    74 |   114 ||   267
Block: Kite shield       |    39 |   112 |       |       ||   151
       Tower shield      |       |    14 |   452 |   601 ||  1067

Table legend:
 A = Non-vault XP
 B = Vault XP
 C = Vault XP percentage of total XP
 D = Non-vault monster count
 E = Vault monster count
 F = Vault count percentage of total count
                 A         B        C        D         E       F
            +---------+---------+-------+---------+---------+-------
      Total |   10500 |    5584 |  34.7 |     185 |      96 |  34.2
            +---------+---------+-------+---------+---------+-------
        D:2 |      17 |       0 |   0.0 |       4 |       0 |   0.0
        D:3 |      91 |       1 |   1.1 |      19 |       1 |   5.0
        D:4 |     316 |       0 |   0.0 |      17 |       0 |   0.0
        D:5 |     314 |       0 |   0.0 |      14 |       0 |   0.0
        D:6 |     361 |       0 |   0.0 |      11 |       0 |   0.0
        D:7 |     867 |    1117 |  56.3 |      21 |       5 |  19.2
        D:8 |    1370 |     935 |  40.6 |       8 |      52 |  86.7
        D:9 |    1119 |     100 |   8.2 |      29 |       1 |   3.3
       D:10 |    1618 |    1562 |  49.1 |      10 |      12 |  54.5
      Orc:1 |    3426 |    1869 |  35.3 |      28 |      25 |  47.2
      Orc:2 |    1001 |       0 |   0.0 |      24 |       0 |   0.0
            +---------+---------+-------+---------+---------+-------
